[Event "Team 45 45 League T79"]
[Site "Internet Chess Club"]
[Date "2019.01.13"]
[Round "3"]
[White "GoIrish"]
[Black "Megasus"]
[Result "1/2-1/2"]
[WhiteElo "1496"]
[BlackElo "1543"]
[Opening "Réti opening"]
[ECO "A04"]
[Time "20:01:35"]
[TimeControl "2700+45"]

1. Nf3 c5 2. g3 Nc6 3. Bg2 Nf6 4. O-O e5 5. d3 h6 6. e4 d6 7. Nbd2 b5 8. a3 Qc7
9. Re1 Be7 10. Nf1 Nd4 11. Ne3 Be6 12. Nh4 O-O-O 13. Nhf5 Bf8 14. Nxd4 cxd4 15.
Nd5 Nxd5 16. exd5 Bd7 17. Bd2 Be7 18. Rc1 Kb8 19. c4 Qb6 20. b4 Rc8 21. Qb3 a6
22. Rc2 f6 23. Rec1 g5 24. c5 dxc5 25. bxc5 Bxc5 26. Bb4 Bxb4 27. Qxb4 Rxc2 28.
Rxc2 Rc8 29. Rxc8+ Bxc8 30. Qf8 f5 31. d6 Qc5 32. h3 h5 33. Qd8 Qa7 34. Qxg5 Qd7
35. Qxh5 Qxd6 36. Qh8 a5 37. Qe8 Qc5 38. h4 b4 39. axb4 axb4 40. Qa4 Qb6 41.
Qa8+ Kc7 42. Qd5 Qd6 43. Qc4+ Kd8 44. Qg8+ Kc7 45. Qc4+ Kd8 {Game drawn by
mutual agreement} 1/2-1/2

[Event "Team 45 45 League T79"]
[Site "Internet Chess Club"]
[Date "2019.01.14"]
[Round "3"]
[White "Ajolote"]
[Black "Goli"]
[Result "1-0"]
[WhiteElo "1895"]
[BlackElo "1680"]
[Opening "Robatsch (modern) defense"]
[ECO "B06"]
[Time "13:00:34"]
[TimeControl "2700+45"]

1. e4 g6 2. d4 Bg7 3. Nc3 d6 4. g3 Nf6 5. Bg2 O-O 6. Nge2 c6 7. h3 Nbd7 8. Be3
Qc7 9. f4 e5 10. Qd2 exf4 11. gxf4 b5 12. e5 dxe5 13. fxe5 Nh5 14. Nxb5 Qb6 15.
Nbc3 Qxb2 16. Rb1 Qa3 17. Bxc6 Rb8 18. Rxb8 Nxb8 19. Bf3 Bf5 20. Rg1 Qb2 21.
Bxh5 gxh5 22. Rxg7+ Kxg7 23. Bh6+ Kg8 24. Qg5+ Bg6 25. Qf6 {Black resigns} 1-0

[Event "Team 45 45 League T79"]
[Site "Internet Chess Club"]
[Date "2019.01.14"]
[Round "3"]
[White "ChessRooklift"]
[Black "Insan996"]
[Result "1-0"]
[WhiteElo "1685"]
[BlackElo "1605"]
[Opening "Nimzovich-Larsen attack: Indian variation"]
[ECO "A01"]
[Time "19:46:09"]
[TimeControl "2700+45"]

1. b3 Nf6 2. Bb2 b6 3. c4 Bb7 4. Nf3 c5 5. d4 e6 6. Nbd2 d5 7. cxd5 Bxd5 8. e3
Be7 9. dxc5 Bxc5 10. Rc1 O-O 11. Bd3 Qe7 12. O-O Nbd7 13. Qe2 Ba3 14. Bxa3 Qxa3
15. Nd4 Rac8 16. Nc4 Qe7 17. h3 h6 18. Rc2 e5 19. Nf5 Qe6 20. e4 Bb7 21. Ncd6
Rxc2 22. Qxc2 Ba8 23. Bc4 Bxe4 24. Qd2 Bd5 25. Bxd5 Qxd5 26. Ne7+ Kh8 27. Nxd5
{Black resigns} 1-0

[Event "Team 45 45 League T79"]
[Site "Internet Chess Club"]
[Date "2019.01.11"]
[Round "3"]
[White "Skeptic1972"]
[Black "tightfist"]
[Result "1-0"]
[WhiteElo "1483"]
[BlackElo "1451"]
[Opening "French: classical, Steinitz variation"]
[ECO "C14"]
[Time "14:32:46"]
[TimeControl "2700+45"]

1. e4 e6 2. d4 d5 3. Nc3 Nf6 4. Bg5 Be7 5. e5 Nfd7 6. Bxe7 Qxe7 7. f4 O-O 8. Nf3
a6 9. Bd3 c5 10. Bxh7+ Kxh7 11. Ng5+ Kg6 12. Qd3+ f5 13. exf6+ Kxf6 14. O-O Rh8
15. Rae1 Nb6 16. f5 Nc6 17. Qg3 Nxd4 18. fxe6+ Nf5 19. Rxf5+ Kxf5 20. Re5+ Kf6
21. Qf4+ Kg6 22. Qf5+ Kh6 23. Nf7+ Qxf7 24. Qxf7 g6 25. e7 Bd7 26. Nxd5 Nxd5 27.
Rxd5 Bc6 28. Rxc5 Rae8 29. Rc3 Bd7 30. Rc4 Kg5 31. Qf4+ Kh5 32. g4+ {Black
forfeits on time} 1-0

[Event "Team 45 45 League T79"]
[Site "Internet Chess Club"]
[Date "2019.01.13"]
[Round "3"]
[White "santiagoelawad"]
[Black "Ajolote"]
[Result "1-0"]
[WhiteElo "1948"]
[BlackElo "1887"]
[Opening "English: symmetrical variation"]
[ECO "A36"]
[Time "20:01:00"]
[TimeControl "2700+45"]

1. c4 c5 2. Nc3 Nc6 3. g3 g6 4. a3 Bg7 5. Rb1 d6 6. Bg2 e6 7. e4 Nge7 8. Nge2 b6
9. d3 Bb7 10. Be3 Qd7 11. Qd2 O-O 12. b4 Nd4 13. O-O Rfc8 14. f4 Nxe2+ 15. Nxe2
Rab8 16. Rbc1 Ba8 17. d4 cxd4 18. Bxd4 d5 19. Bxg7 Kxg7 20. cxd5 exd5 21. Rcd1
Rc4 22. f5 f6 23. fxg6 hxg6 24. exd5 Rbc8 25. Nf4 Nf5 26. Ne6+ Kg8 27. Rxf5 gxf5
28. Qh6 Qf7 29. Bf3 Rc3 30. Bh5 Qe7 31. Qg6+ Kh8 32. Qxf5 Rc1 33. Rxc1 Rxc1+ 34.
Kf2 Ra1 35. d6 Ra2+ 36. Be2 Qf7 37. d7 Qxd7 38. Qxf6+ Kg8 39. Qg6+ Kh8 40. Qh6+
Kg8 41. Qf8+ Kh7 42. Ng5+ Kg6 43. Qg8+ Qg7 44. Qxa2 Qd4+ 45. Ke1 Qg1+ 46. Kd2
Qd4+ 47. Bd3+ Kxg5 48. Qg8+ {Black resigns} 1-0

[Event "Team 45 45 League T79"]
[Site "Internet Chess Club"]
[Date "2019.01.12"]
[Round "3"]
[White "bradleyguo175"]
[Black "harlyman"]
[Result "1-0"]
[WhiteElo "1813"]
[BlackElo "1732"]
[Opening "QGD: Semi-Tarrasch defense"]
[ECO "D40"]
[Time "12:34:02"]
[TimeControl "2700+45"]

1. d4 e6 2. c4 d5 3. Nc3 Nf6 4. Nf3 c5 5. e3 Nc6 6. Be2 b6 7. O-O Be7 8. cxd5
Nxd5 9. Bb5 Bd7 10. Nxd5 exd5 11. dxc5 Bxc5 12. Qxd5 Qf6 13. Rd1 O-O-O 14. Bd2
Nb8 15. Qb3 Bc6 16. Bxc6 Nxc6 17. Rac1 Qe6 18. Qb5 a6 19. Qxa6+ Kb8 20. b4 Nxb4
21. Bxb4 Rxd1+ 22. Rxd1 Bxb4 23. Qa4 Bc5 24. Rd7 Kc8 25. Ne5 {Black resigns} 1-0

[Event "Team 45 45 League T79"]
[Site "Internet Chess Club"]
[Date "2019.01.13"]
[Round "3"]
[White "backrankbrawler"]
[Black "Beetlejuice"]
[Result "1-0"]
[WhiteElo "1824"]
[BlackElo "1701"]
[Opening "Dutch"]
[ECO "A80"]
[Time "07:01:38"]
[TimeControl "2700+45"]

1. d4 f5 2. Nf3 Nf6 3. e3 g6 4. Be2 Bg7 5. O-O d6 6. c4 O-O 7. Nc3 c6 8. b4 Qc7
9. Bb2 e5 10. Qc2 e4 11. Nd2 Be6 12. a4 Nbd7 13. a5 d5 14. b5 f4 15. exf4 Qxf4
16. Nd1 Rac8 17. bxc6 bxc6 18. Ne3 Rfd8 19. c5 h5 20. g3 Qc7 21. Bc3 Rb8 22. a6
Rf8 23. Nb3 Bg4 24. Na5 Bxe2 25. Qxe2 Rb5 26. Nb7 Nb8 27. Nd6 Rb3 28. Qc2 Rxc3
29. Qxc3 Ne8 30. Nxe8 Rxe8 31. Rfb1 Qc8 32. Rb7 Nxa6 33. Rxa7 Nc7 34. Qa5 Nb5
35. Nxd5 Nxd4 36. Ne7+ Rxe7 37. Ra8 Qxa8 38. Qxa8+ Kh7 39. Rd1 Re6 40. Qd8 Nf3+
41. Kg2 Be5 42. Qd7+ {Black resigns} 1-0

[Event "Team 45 45 League T79"]
[Site "Internet Chess Club"]
[Date "2019.01.12"]
[Round "3"]
[White "bobhill"]
[Black "Zugzwanged"]
[Result "1-0"]
[WhiteElo "1906"]
[BlackElo "1727"]
[Opening "Queen's pawn: Torre attack"]
[ECO "A46"]
[Time "09:30:45"]
[TimeControl "2700+45"]

1. d4 Nf6 2. Nf3 e6 3. Bg5 h6 4. Bh4 c5 5. c3 b6 6. e3 Bb7 7. Nbd2 Be7 8. Bd3
O-O 9. O-O cxd4 10. exd4 d6 11. Re1 Nbd7 12. Qe2 Re8 13. Rac1 Rc8 14. Bb1 Nh5
15. Bxe7 Qxe7 16. Ne4 Nhf6 17. Nfd2 Nxe4 18. Nxe4 Nf6 19. Nxf6+ Qxf6 20. Qf1 Bd5
21. Re3 Rc7 22. Qd3 Qg5 23. Qf1 Bc4 24. Qd1 Bd5 25. Rg3 Qf6 26. Qd3 g6 27. Re1
Rce7 28. Qd2 Kg7 29. Rh3 Qg5 30. f4 Qf6 31. g4 g5 32. Rf1 Rc7 33. Rh5 Bb7 34.
fxg5 Qe7 35. gxh6+ Kh8 36. Rg5 Rg8 37. Rxg8+ Kxg8 38. h7+ Kg7 39. h8=Q+ Kxh8 40.
Qh6+ Kg8 41. Bh7+ Kh8 42. Bd3+ Kg8 43. Qh7+ Kf8 44. Qh8# {Black checkmated} 1-0

[Event "Team 45 45 League T79"]
[Site "Internet Chess Club"]
[Date "2019.01.11"]
[Round "3"]
[White "Monterrey"]
[Black "PolishRyszard"]
[Result "1-0"]
[WhiteElo "1895"]
[BlackElo "1833"]
[Opening "Modern defense"]
[ECO "A40"]
[Time "18:09:57"]
[TimeControl "2700+45"]

1. d4 g6 2. c4 Bg7 3. Nc3 c5 4. d5 e5 5. e4 d6 6. Bd3 Nd7 7. Nf3 Ne7 8. O-O O-O
9. a4 h6 10. Bc2 Nf6 11. h3 Nh5 12. Ra3 a6 13. Kh2 Qe8 14. Ng1 Bd7 15. Nge2 f5
16. exf5 gxf5 17. f4 Ng6 18. g3 e4 19. a5 Nf6 20. Na4 h5 21. Nb6 Rb8 22. Rg1 Rf7
23. Bd2 Bf8 24. Re3 Rh7 25. Bc3 Be7 26. b4 cxb4 27. Bxb4 Qf8 28. Bc3 Rf7 29. Nd4
Qh6 30. Nxd7 Nxd7 31. Ne6 Rc8 32. Bb3 Ngf8 33. Bb2 Kh7 34. Rg2 Kg8 35. Kg1 Rh7
36. Kf2 Nxe6 37. dxe6 Nc5 38. Bc2 Qxe6 39. Qd4 Kf7 40. Rg1 Bf6 41. Qxf6+ Qxf6
42. Bxf6 Kxf6 43. Rb1 Rg8 44. Rb6 Ke6 45. h4 Kd7 46. Re1 Rhg7 47. Re3 Kc7 48.
Rb1 Nd7 49. Bd1 Nf6 50. Reb3 Rb8 51. Be2 Rh7 52. c5 dxc5 53. Bxa6 Ng4+ 54. Kg1
Rd7 55. Bxb7 Rbd8 56. a6 Rd1+ 57. Rxd1 Rxd1+ 58. Kg2 Ra1 59. Rb2 Ra4 60. Kf1 Nf6
61. Ke2 Ng4 62. Rc2 Kb6 63. Rb2+ Kc7 64. Rc2 Ra5 65. Rb2 Nf6 66. Ke3 Ra3+ 67.
Ke2 Ne8 68. Rb5 Kd6 69. Rb6+ Kd7 70. Rc6 Ra5 71. Rh6 Nd6 72. Rh7+ Kd8 73. Rxh5
c4 74. Kd2 Nxb7 75. axb7 Kc7 76. Rh7+ Kb8 77. Kc3 Ra3+ 78. Kxc4 Rxg3 79. Kd4 Rg4
80. Ke5 e3 81. Kxf5 e2 82. Re7 Rxh4 83. Rxe2 Kxb7 84. Rc2 Rh6 85. Kg5 Rh1 86. f5
Rg1+ 87. Kf6 Rg3 88. Kf7 Rg5 89. f6 Rg3 90. Ke8 Re3+ 91. Kf8 Rf3 92. f7 Re3 93.
Rf2 Kc7 94. Kg7 {Black resigns} 1-0

[Event "Team 45 45 League T79"]
[Site "Internet Chess Club"]
[Date "2019.01.14"]
[Round "3"]
[White "disinformator"]
[Black "leandromorg"]
[Result "0-1"]
[WhiteElo "1800"]
[BlackElo "1754"]
[Opening "Robatsch (modern) defense"]
[ECO "B06"]
[Time "18:01:04"]
[TimeControl "2700+45"]

1. e4 g6 2. d4 Bg7 3. Nc3 d6 4. Be3 Nf6 5. Qd2 O-O 6. f3 e5 7. d5 c6 8. O-O-O
cxd5 9. exd5 Qa5 10. h4 Nh5 11. g4 Nf4 12. Kb1 f5 13. g5 Nh5 14. Nb5 Qxd2 15.
Bxd2 Ng3 16. Rh2 Nxf1 17. Rxf1 Na6 18. c4 Rd8 19. b4 f4 20. Kc2 Bf5+ 21. Kb3 Rd7
22. Rc1 Nc7 23. Nc3 Bd3 24. a4 a6 25. a5 Kf7 26. Nh3 h6 27. Nf2 Bf5 28. Nfe4 h5
29. Be1 Rc8 30. Rd2 Na8 31. Bf2 Bf8 32. Na4 Rcd8 33. Nb6 Nxb6 34. Bxb6 Rc8 35.
Nf6 Re7 36. c5 Bg7 37. Ne4 Bxe4 38. fxe4 dxc5 39. bxc5 Rd7 40. Rdc2 Bf8 41. c6
bxc6 42. Rxc6 Rxc6 43. Rxc6 Be7 44. Kc4 Bd6 45. Bf2 Rc7 46. Bb6 Rxc6+ 47. dxc6
Ke6 48. Kd3 Ba3 49. Kc4 Kd6 50. c7 Kd7 51. Kd5 Bb2 52. c8=Q+ Kxc8 53. Ke6 Bd4
54. Kf6 f3 55. Kxg6 f2 56. Kxh5 f1=Q 57. Kh6 Qf8+ 58. Kh7 Qf7+ 59. Kh6 Bxb6 60.
axb6 a5 61. g6 Qg8 {White resigns} 0-1

[Event "Team 45 45 League T79"]
[Site "Internet Chess Club"]
[Date "2019.01.13"]
[Round "3"]
[White "MarcB"]
[Black "cadmiumorange"]
[Result "0-1"]
[WhiteElo "1692"]
[BlackElo "1872"]
[Opening "Réti opening"]
[ECO "A04"]
[Time "14:00:32"]
[TimeControl "2700+45"]

1. Nf3 d6 2. g3 g6 3. Bg2 Bg7 4. O-O e5 5. d3 f5 6. e4 Nf6 7. exf5 gxf5 8. Nc3
O-O 9. d4 e4 10. Nh4 d5 11. f3 Nc6 12. Ne2 Qe8 13. c3 Ne7 14. Bf4 c6 15. Bd6
exf3 16. Bxf3 Ne4 17. Ba3 Bh6 18. Ng2 Rf6 19. Nef4 Ng6 20. Bxe4 Nxf4 21. Bd3
Nxg2 22. Kxg2 f4 23. Qf3 Qe6 24. Rae1 Qh3+ 25. Kg1 Bg4 26. Qg2 f3 27. Qxh3 Bxh3
28. Rf2 Rf7 29. Re7 Rxe7 30. Bxe7 Be3 {White resigns} 0-1

[Event "Team 45 45 League T79"]
[Site "Internet Chess Club"]
[Date "2019.01.12"]
[Round "3"]
[White "ascoli"]
[Black "nealbruce"]
[Result "1-0"]
[WhiteElo "1666"]
[BlackElo "1693"]
[Opening "Réti: King's Indian attack"]
[ECO "A08"]
[Time "09:01:10"]
[TimeControl "2700+45"]

1. Nf3 d5 2. g3 c5 3. Bg2 Nc6 4. O-O e5 5. d3 Nf6 6. Nbd2 Bd6 7. e4 d4 8. a4 O-O
9. Nc4 Bc7 10. Ne1 Be6 11. f4 exf4 12. gxf4 Bxc4 13. dxc4 h6 14. Nd3 Bb6 15. e5
Nh7 16. Bxc6 bxc6 17. Qg4 a5 18. f5 Kh8 19. Rf3 Ng5 20. Rg3 Rg8 21. Bxg5 Qxg5
22. Qxg5 hxg5 23. Rh3# {Black checkmated} 1-0

[Event "Team 45 45 League T79"]
[Site "Internet Chess Club"]
[Date "2019.01.09"]
[Round "3"]
[White "SirIvanhoe"]
[Black "leoshi"]
[Result "1/2-1/2"]
[WhiteElo "1522"]
[BlackElo "1611"]
[Opening "Four knights: Scotch, 4...exd4"]
[ECO "C47"]
[Time "19:00:38"]
[TimeControl "2700+45"]

1. e4 e5 2. Nf3 Nc6 3. Nc3 Nf6 4. d4 exd4 5. Nxd4 d6 6. Bb5 Bd7 7. O-O Be7 8.
Nxc6 Bxc6 9. Bxc6+ bxc6 10. Bf4 O-O 11. e5 dxe5 12. Bxe5 Bd6 13. Re1 Re8 14.
Bxd6 Qxd6 15. Qf3 Qd2 16. Rxe8+ Rxe8 17. Qd3 Re1+ 18. Rxe1 Qxe1+ 19. Qf1 Qxf1+
20. Kxf1 Kf8 21. Ke2 Ke7 22. Kf3 Kd6 23. Ne4+ Nxe4 24. Kxe4 Ke6 25. g4 g6 26. h4
h6 27. g5 h5 28. c4 c5 29. a3 a5 30. a4 c6 31. b3 Kd6 32. Kf4 Ke6 33. Ke4 Kd6
34. Kf4 Ke6 35. Ke4 {Game drawn by repetition} 1/2-1/2

[Event "Team 45 45 League T79"]
[Site "Internet Chess Club"]
[Date "2019.01.09"]
[Round "3"]
[White "Newbao"]
[Black "SuperPuzzler"]
[Result "0-1"]
[WhiteElo "1402"]
[BlackElo "1744"]
[Opening "Ruy Lopez: 5.O-O"]
[ECO "C78"]
[Time "23:02:37"]
[TimeControl "2700+45"]

1. e4 e5 2. Nf3 Nc6 3. Bb5 a6 4. Ba4 Nf6 5. O-O b5 6. Bb3 Bc5 7. a4 Rb8 8. c3 d6
9. d4 Bb6 10. a5 Ba7 11. Be3 Bg4 12. dxe5 Nxe5 13. Bxa7 Nxf3+ 14. gxf3 Bh3 15.
Bxb8 Nxe4 16. Qc1 Qf6 17. Bxf7+ Kxf7 18. Qf4 Qxf4 19. Kh1 Qxf3+ 20. Kg1 Qg2#
{White checkmated} 0-1

[Event "Team 45 45 League T79"]
[Site "Internet Chess Club"]
[Date "2019.01.14"]
[Round "3"]
[White "chuckh2"]
[Black "creativechesski"]
[Result "0-1"]
[WhiteElo "1337"]
[BlackElo "1590"]
[Opening "Queen's pawn: London system"]
[ECO "A45"]
[Time "21:00:27"]
[TimeControl "2700+45"]

1. d4 Nf6 2. Bf4 g6 3. Nc3 d5 4. e3 Bg7 5. Nf3 O-O 6. h3 c5 7. dxc5 Nc6 8. Be2
Qa5 9. O-O Qxc5 10. a3 Bd7 11. Qd2 a5 12. Rfd1 Be6 13. Na4 Qa7 14. Bc7 b5 15.
Bb6 Qa6 16. Nd4 Nxd4 17. exd4 Nd7 18. Bc5 Qc6 19. Nc3 Nxc5 20. dxc5 Qxc5 21.
Nxb5 Bxb2 22. Ra2 Bg7 23. Qf4 d4 24. Raa1 d3 25. Bxd3 Bxa1 26. Rxa1 Bf5 27. a4
Bxd3 28. cxd3 Qf5 29. Qd2 Rfd8 30. Rd1 Qc5 31. Rc1 Qb4 32. Qd1 Rac8 33. Rb1 Qc5
34. Rb3 Qc2 35. Qxc2 Rxc2 36. Rb1 Rxd3 {White resigns} 0-1

[Event "Team 45 45 League T79"]
[Site "Internet Chess Club"]
[Date "2019.01.12"]
[Round "3"]
[White "jadencheung"]
[Black "BrerRabbit"]
[Result "1/2-1/2"]
[WhiteElo "1387"]
[BlackElo "1350"]
[Opening "Pirc defense"]
[ECO "B07"]
[Time "19:01:15"]
[TimeControl "2700+45"]

1. e4 d6 2. d4 Nf6 3. Nc3 e5 4. d5 c6 5. dxc6 bxc6 6. Nf3 Be7 7. Be2 O-O 8. O-O
Nbd7 9. Bg5 Nb6 10. Bd3 h6 11. Be3 Ng4 12. Bxb6 axb6 13. h3 Nf6 14. Re1 Be6 15.
a3 Qc7 16. Qd2 Ra7 17. Ne2 Rfa8 18. Ng3 Nd7 19. Nh2 Nc5 20. Be2 Ra4 21. Bg4 Bxg4
22. Nxg4 Bg5 23. Qd1 Rd4 24. Qf3 Rda4 25. Rad1 Rd8 26. Nf5 g6 27. Nfxh6+ Kg7 28.
h4 Bxh6 29. Qf6+ Kh7 30. Nxe5 Bg7 31. Qxf7 Qxf7 32. Nxf7 Rd7 33. Nxd6 Bxb2 34.
e5 Re7 35. Nc8 Rxe5 36. Rxe5 Bxe5 37. Nxb6 Rd4 38. Rxd4 Bxd4 39. Nc4 Ne6 40. Kf1
Nc7 41. Ke2 Nb5 42. Kf3 Kh6 43. g4 Kg7 44. Kg3 Kf6 45. f4 Bc3 46. Kf3 Be1 47. h5
gxh5 48. gxh5 Nd4+ 49. Ke4 Nxc2 50. Ne5 Nxa3 51. Nxc6 Bc3 52. f5 Kg7 53. Ne5 Nb5
54. Ng4 Nd6+ 55. Kf4 Nxf5 56. Kxf5 Bd2 57. Ke6 Bg5 58. Kf5 Bd2 59. Ne5 Bc3 60.
Ng6 Bd2 61. Kg4 Kh6 62. Ne5 Kh7 63. Nd7 Kh6 64. Nf6 Be3 65. Nd5 Bg5 66. Nc7 Bd2
67. Ne6 Be3 68. Nd8 Bd2 69. Nf7+ Kg7 70. Ng5 Bxg5 71. Kxg5 Kh7 72. h6 Kh8 73.
Kh5 Kh7 74. Kg5 Kh8 75. Kg6 Kg8 76. h7+ Kh8 77. Kh6 {Black stalemated} 1/2-1/2

[Event "Team 45 45 League T79"]
[Site "Internet Chess Club"]
[Date "2019.01.13"]
[Round "3"]
[White "liujf"]
[Black "fireball"]
[Result "0-1"]
[WhiteElo "1578"]
[BlackElo "1632"]
[Opening "French: Frere (Becker) variation"]
[ECO "C03"]
[Time "18:04:23"]
[TimeControl "2700+45"]

1. e4 e6 2. d4 d5 3. Nd2 dxe4 4. Nxe4 Qd5 5. Nc3 Bb4 6. Nf3 Bxc3+ 7. bxc3 Nf6 8.
Bd3 Ne4 9. c4 Qa5+ 10. Bd2 Nxd2 11. Qxd2 Qxd2+ 12. Nxd2 Nc6 13. c3 e5 14. Nf3
Bg4 15. Nxe5 Nxe5 16. dxe5 O-O-O 17. Be4 Rhe8 18. O-O Be2 19. Rfe1 Bxc4 20. a4
Kb8 21. Rab1 Bd5 22. f4 Bxe4 23. Rxe4 Rd5 24. Rb5 Rd7 25. Rd4 Red8 26. Rbb4 c5
27. Rxd7 Rxd7 28. Rc4 b6 29. Kf2 Kb7 30. Ke2 Kc6 31. Ke3 a6 32. Re4 Re7 33. c4
f5 34. g4 fxe4 35. Kxe4 b5 36. cxb5+ axb5 37. axb5+ Kxb5 38. Kd5 c4 39. Kd6 Ra7
40. f5 c3 41. g5 c2 42. f6 c1=Q 43. e6 Qc5# {White checkmated} 0-1

[Event "Team 45 45 League T79"]
[Site "Internet Chess Club"]
[Date "2019.01.10"]
[Round "3"]
[White "bennywins"]
[Black "dalmata"]
[Result "1-0"]
[WhiteElo "1728"]
[BlackElo "1465"]
[Opening "French: advance, Paulsen attack"]
[ECO "C02"]
[Time "15:01:14"]
[TimeControl "2700+45"]

1. e4 e6 2. d4 d5 3. e5 c5 4. c3 Nc6 5. Nf3 cxd4 6. cxd4 Bb4+ 7. Nc3 Nge7 8. a3
Bxc3+ 9. bxc3 Qb6 10. Bd3 Nf5 11. Rb1 Qa5 12. Qb3 O-O 13. Bd2 Qb6 14. Qxb6 axb6
15. Bc1 Na5 16. Rxb6 Nc4 17. Bxc4 dxc4 18. Rb4 f6 19. Rxc4 b5 20. Rb4 Bd7 21.
O-O Rac8 22. Bd2 Bc6 23. Ne1 Bd5 24. f4 Bc4 25. Rf2 fxe5 26. fxe5 Ne7 27. Rxf8+
Rxf8 28. Nf3 Nd5 29. Rb1 h6 30. Nh4 Bd3 31. Ra1 g5 32. Nf3 Be2 33. Rb1 Nc7 34.
h4 Bxf3 35. gxf3 Rxf3 36. hxg5 hxg5 37. Kg2 Rf5 38. Rf1 Nd5 39. Rxf5 exf5 40.
Bxg5 Nxc3 41. Kf3 Kf7 42. Bd2 Nd5 43. Ke2 Ke6 44. Kd3 Nc7 45. Be3 Na6 46. Kc3
Kd5 47. Bg5 Ke6 48. Kb3 Kd5 49. Bd8 f4 50. Kc3 Ke6 51. Kd3 Kd5 52. Ba5 Nb8 53.
e6 Nc6 54. Bb4 Kxe6 55. Ke4 f3 56. d5+ Kf6 57. dxc6 f2 58. c7 f1=Q 59. c8=Q Qe2+
60. Kd5 Qe5+ 61. Kc6 Qe4+ 62. Kb6 {Black resigns} 1-0

[Event "Team 45 45 League T79"]
[Site "Internet Chess Club"]
[Date "2019.01.13"]
[Round "3"]
[White "Visin"]
[Black "nidusin2"]
[Result "0-1"]
[WhiteElo "1209"]
[BlackElo "1455"]
[Opening "Philidor: Improved Hanham variation"]
[ECO "B07"]
[Time "08:00:24"]
[TimeControl "2700+45"]

1. e4 d6 2. d4 Nf6 3. Nc3 Nbd7 4. Nf3 e5 5. Bc4 h6 6. h3 Be7 7. b4 c6 8. Bb2 Nb6
9. Bb3 Qc7 10. a3 O-O 11. Qe2 Re8 12. O-O Bd7 13. Rad1 Bf8 14. dxe5 dxe5 15. Rd3
Be6 16. Rfd1 Nc4 17. Bc1 a5 18. b5 Nxa3 19. bxc6 bxc6 20. Bxe6 Rxe6 21. Nh2 Rae8
22. Ng4 Nc4 23. Rg3 Nd6 24. Ne3 Ndxe4 25. Nxe4 Nxe4 26. Nd5 cxd5 27. Rxd5 Nxg3
28. Qg4 Rg6 29. Qxg3 Rxg3 {White resigns} 0-1

[Event "Team 45 45 League T79"]
[Site "Internet Chess Club"]
[Date "2019.01.11"]
[Round "3"]
[White "rhayder"]
[Black "Pawnchain"]
[Result "0-1"]
[WhiteElo "1157"]
[BlackElo "1390"]
[Opening "Sicilian: Anderssen variation"]
[ECO "B41"]
[Time "13:02:42"]
[TimeControl "2700+45"]

1. e4 e6 2. Nf3 c5 3. d4 cxd4 4. Nxd4 Nf6 5. Nc3 Nc6 6. Be2 Qa5 7. O-O Nxd4 8.
Qxd4 Bc5 9. Qd3 O-O 10. Bg5 Be7 11. Qb5 Qxb5 12. Bxb5 h6 13. Bh4 a6 14. Bd3 Re8
15. Rfe1 d6 16. e5 dxe5 17. Rxe5 Bd7 18. Ne4 Ng4 19. Ra5 Bxh4 {White resigns}
0-1

[Event "Team 45 45 League T79"]
[Site "Internet Chess Club"]
[Date "2019.01.13"]
[Round "3"]
[White "cadmiumorange"]
[Black "cityprosecutor"]
[Result "1-0"]
[WhiteElo "1863"]
[BlackElo "1678"]
[Opening "Sicilian"]
[ECO "B50"]
[Time "07:02:53"]
[TimeControl "2700+45"]

1. e4 c5 2. Nf3 d6 3. d3 b5 4. g3 Bb7 5. Bg2 g6 6. O-O Bg7 7. a4 b4 8. Nbd2 Nd7
9. Nc4 Nb6 10. Ne3 Nf6 11. a5 Nbd7 12. Nh4 Qc7 13. f4 e6 14. g4 h6 15. Qe1 g5
16. fxg5 hxg5 17. Nf3 d5 18. exd5 Nxd5 19. Nf5 Bd4+ 20. N5xd4 cxd4 21. a6 Bc6
22. Bxg5 Ne3 23. Qxb4 Nb6 24. Qxd4 Rxh2 25. Nxh2 Qg3 26. Qh8+ Kd7 27. Rxf7+ Kd6
28. Qd4+ Bd5 29. Bf4+ {Black resigns} 1-0

[Event "Team 45 45 League T79"]
[Site "Internet Chess Club"]
[Date "2019.01.13"]
[Round "3"]
[White "elessar"]
[Black "KCChessc6"]
[Result "1/2-1/2"]
[WhiteElo "1638"]
[BlackElo "1676"]
[Opening "Queen's pawn"]
[ECO "A40"]
[Time "14:00:33"]
[TimeControl "2700+45"]

1. d4 c6 2. Bf4 d5 3. e3 Nf6 4. Bd3 Bg4 5. Ne2 Bxe2 6. Bxe2 e6 7. c3 Bd6 8. Bg3
Bxg3 9. hxg3 O-O 10. Nd2 Nbd7 11. f4 Qb6 12. Rb1 c5 13. Bd3 cxd4 14. exd4 Qc6
15. Qe2 Qd6 16. Nf3 g6 17. Ne5 h5 18. Nxg6 fxg6 19. Bxg6 Kg7 20. Bxh5 Nxh5 21.
Qg4+ Kf6 22. Qg5+ Kf7 23. Qxh5+ Ke7 24. Qg5+ Ke8 25. Rh7 b6 26. Rh6 Qe7 27. Qg6+
Qf7 28. Qxe6+ Qxe6+ 29. Rxe6+ Kf7 30. Re2 Nf6 31. Kf2 Rg8 32. Kf3 Rg6 33. g4
Nxg4 34. g3 Nf6 35. Rg1 Rag8 36. Re5 R8g7 37. Rf5 Ke7 38. Re5+ Kf7 39. Rf5 Ke7
40. Re5+ Kf7 {Game drawn by repetition} 1/2-1/2

[Event "Team 45 45 League T79"]
[Site "Internet Chess Club"]
[Date "2019.01.15"]
[Round "3"]
[White "misuc56"]
[Black "Hal2001"]
[Result "1-0"]
[WhiteElo "1518"]
[BlackElo "1555"]
[Opening "Benoni defense"]
[ECO "A56"]
[Time "13:07:43"]
[TimeControl "2700+45"]

1. d4 Nf6 2. c4 c5 3. e3 d6 4. Nc3 cxd4 5. Qxd4 Nc6 6. Qd1 g6 7. a3 a6 8. Bd2
Bg7 9. b4 O-O 10. Nf3 Bg4 11. Be2 Qc7 12. O-O Rfd8 13. Rc1 Rac8 14. Nd5 Qd7 15.
Nb6 Qe6 16. Nxc8 Rxc8 17. Bc3 Ne5 18. Nxe5 Bxe2 19. Qxe2 dxe5 20. c5 Nd5 21. Bd2
e4 22. Rfd1 Qe5 23. Qe1 Qg5 24. h3 Rc6 25. Qe2 Qf6 26. Be1 Qe5 27. Rc4 f5 28.
Qa2 Qe6 29. Rc2 Kf7 30. a4 Nc7 31. Qxe6+ Kxe6 32. Bc3 Bf8 33. Rdc1 Nd5 34. Bd2
Bg7 35. Kf1 Be5 36. g3 g5 37. Ke2 h5 38. Be1 f4 39. gxf4 gxf4 40. exf4 Nxf4+ 41.
Kf1 Nxh3 42. b5 axb5 43. axb5 Rc8 44. c6 bxc6 45. Rxc6+ Rxc6 46. Rxc6+ Kd7 47.
Rc4 Ng5 48. Bd2 Nf3 49. Be3 Nh2+ 50. Kg2 Ng4 51. Rxe4 Nxe3+ 52. Rxe3 Bd6 53. Rc3
Bc7 54. Kh3 Bb6 55. f3 e6 56. Kh4 e5 57. Kxh5 Bd4 58. Rc6 {Black resigns} 1-0

[Event "Team 45 45 League T79"]
[Site "Internet Chess Club"]
[Date "2019.01.12"]
[Round "3"]
[White "Constrictor"]
[Black "mongmong"]
[Result "1-0"]
[WhiteElo "1549"]
[BlackElo "1457"]
[Opening "Nimzovich-Larsen attack"]
[ECO "A01"]
[Time "20:03:09"]
[TimeControl "2700+45"]

1. b3 e6 2. Bb2 Nf6 3. Nf3 c5 4. e3 b6 5. d4 Bb7 6. Nbd2 Be7 7. c4 O-O 8. Bd3 d6
9. Qc2 Nbd7 10. h3 Qc7 11. g4 Rfe8 12. g5 Nh5 13. Bxh7+ Kf8 14. Bg6 fxg6 15.
Qxg6 e5 16. Qxh5 exd4 17. g6 Bf6 18. O-O-O Ke7 19. exd4 Rh8 20. Rhe1+ Kd8 21.
Qf5 Kc8 22. d5 Bxb2+ 23. Kxb2 Qd8 24. Ne4 Kc7 25. Nfg5 Ne5 26. Ne6+ {Black
resigns} 1-0

[Event "Team 45 45 League T79"]
[Site "Internet Chess Club"]
[Date "2019.01.11"]
[Round "3"]
[White "VictorRed"]
[Black "chessabc"]
[Result "0-1"]
[WhiteElo "1715"]
[BlackElo "1748"]
[Opening "Alekhine's defense: modern variation"]
[ECO "B04"]
[Time "23:07:59"]
[TimeControl "2700+45"]

1. e4 Nf6 2. e5 Nd5 3. d4 d6 4. Nf3 Nc6 5. Bb5 Bf5 6. c4 Nb4 7. Na3 a6 8. Ba4
Nd3+ 9. Kf1 Nxc1 10. Rxc1 Bd7 11. Qe2 e6 12. Bxc6 Bxc6 13. d5 Bd7 14. exd6 Bxd6
15. c5 Be7 16. c6 bxc6 17. dxc6 Bc8 18. Rd1 Bd6 19. Nc4 a5 20. Nxd6+ cxd6 21.
Qc2 Ba6+ 22. Kg1 Rc8 23. a4 O-O 24. h4 Qc7 25. Ng5 g6 26. Rc1 h6 27. Ne4 Qe7 28.
Qd2 d5 29. Nc5 Rxc6 30. Nxa6 Rxa6 31. Qxh6 Qf6 32. h5 Qg7 33. hxg6 Qxh6 34.
gxf7+ Kg7 {White resigns} 0-1